 Dungeon Crawl Stone Soup version 0.29-a0-82-g837932c90e (webtiles) character file.

Game seed: 6110186976046127418

429 lordive the Slasher (level 6, -5/55 HPs)
             Began as a Hill Orc Monk on Feb 4, 2022.
             Splashed by a jelly's acid (12 damage)
             ... on level 4 of the Dungeon.
             The game lasted 00:03:32 (3504 turns).

lordive the Slasher (Hill Orc Monk)                 Turns: 3504, Time: 00:03:33

Health: -5/55      AC:  2    Str: 14    XL:     6   Next: 98%
Magic:  8/8        EV: 10    Int: 12    God:
Gold:   106        SH:  0    Dex: 13    Spells: 5/5 levels left

rFire   . . .      SeeInvis .   d - +0 great sword
rCold   . . .      Faith    .   (shield currently unavailable)
rNeg    . . .      Spirit   .   a - +0 scale mail
rPois   .          Reflect  .   (no helmet)
rElec   .          Harm     .   (no cloak)
rCorr   .          Rampage  .   (no gloves)
Will    .....                   (no boots)
Stlth   ..........              (no amulet)
HPRegen 0.18/turn               (no ring)
MPRegen 0.11/turn               (no ring)

@: lethally poisoned (-5 -> -7), corroded
A: no striking features
a: no special abilities


You were on level 4 of the Dungeon.
You visited 1 branch of the dungeon, and saw 4 of its levels.

You collected 106 gold pieces.

Inventory:

Hand Weapons
 d - a +0 great sword (weapon)
Missiles
 n - 5 poisoned darts (quivered)
Armour
 a - a +0 scale mail (worn)
 b - a +0 robe
Jewellery
 c - a ring of ice
 j - an amulet of magic regeneration
Scrolls
 g - 3 scrolls of identify {unknown}
 h - a scroll of magic mapping {unknown}
 m - a scroll of fog {unknown}
 o - a scroll of blinking {unknown}
Potions
 e - a potion of berserk rage {unknown}
 f - a potion of brilliance {unknown}
 i - a potion of mutation {unknown}
 k - 2 potions of curing {unknown}
 l - a potion of degeneration {unknown}


   Skills:
 + Level 4.8 Fighting
 + Level 5.9 Long Blades
 + Level 2.6 Armour
 + Level 3.0 Dodging
 - Level 1.5 Stealth
 * Level 3.6 Invocations


You had 5 spell levels left.
You didn't know any spells.
Your spell library was empty.

Dungeon Overview and Level Annotations

Branches:
Dungeon (4/15)
 Temple: D:4-7

Altars:
Sif Muna

Shops:
D:3 :*[=


Message History

The kobold throws a poisoned dart.
The poisoned dart closely misses you. The jelly barely misses you.
The jelly hits you but does no damage. The jelly hits you but does no damage.
The jelly jiggles.
The jelly misses you.
The jelly jiggles.
The jelly hits you but does no damage.
You hit the jelly.
Your hands burn!
The jelly is lightly wounded.
The jelly completely misses you.
You hit the jelly.
Your hands burn!
The jelly is moderately wounded.
The kobold throws a poisoned dart.
The poisoned dart hits you!
You are poisoned.
The jelly barely misses you.
You slash the jelly!
Your hands burn!
The jelly is heavily wounded.
You feel very sick. The jelly closely misses you.
The jelly hits you but does no damage.
You are too injured to fight recklessly!
You are too injured to fight recklessly!
You hit the jelly. The acid corrodes you!
Your hands burn!
The jelly is severely wounded.
You feel sick.
The jelly jiggles.
The jelly barely misses you.
You barely miss the jelly.
The jelly is severely wounded.
You feel sick. The jelly barely misses you. The kobold hits you with a +0 whip.
* * * LOW HITPOINT WARNING * * *
The jelly closely misses you. The kobold closely misses you.
Unknown command.
You hit the jelly.
Your hands burn!
* * * LOW HITPOINT WARNING * * *
The jelly is severely wounded.
You feel sick. The jelly hits you.
* * * LOW HITPOINT WARNING * * *
You are splashed with acid!
You die...

##.#.######............
.....# #..#.########
##.#.# #..#.#######
#.#.# #...........
#.#.######.##.#######
#.....<..#.##.####
##...####.#.##....##
..#######.#.##.##..#
###≈≈≈≈##.#[.##J@..#
##≈≈≈###..)###≈K≈≈##
≈≈≈≈≈≈≈#####≈≈≈≈###
#####≈≈≈≈≈≈≈≈≈### #
###≈≈≈##### ###########
≈≈≈≈≈# ≈###########.#
#####≈≈≈≈≈≈..#


You could see a jelly and a kobold.

Vanquished Creatures
  A black bear (D:3)
  A kobold brigand (D:4)
  A scorpion (D:4)
  A hound (D:4)
  Jessica (D:2)
  Natasha (thrice) (D:2)
  A hound skeleton (D:4)
  An adder (D:2)
  2 worms (D:2)
  A dart slug (D:3)
  4 ball pythons
  5 bats
  2 endoplasms
  5 giant cockroaches
  3 goblins
  5 hobgoblins
  2 jackals (D:3)
  3 quokkas
  3 frilled lizards
  A kobold (D:1)
  4 rats
50 creatures vanquished.

Notes
Turn   | Place    | Note
-------+----------+-------------------------------------------
     0 | D:1      | lordive the Hill Orc Monk began the quest for the Orb.
     0 | D:1      | Reached XP level 1. HP: 19/19 MP: 1/1
   405 | D:1      | Reached XP level 2. HP: 27/27 MP: 2/2
  1140 | D:2      | Reached skill level 1 in Invocations
  1145 | D:2      | Noticed Natasha
  1150 | D:2      | Killed Natasha
  1151 | D:2      | Reached skill level 4 in Long Blades
  1151 | D:2      | Reached XP level 3. HP: 33/33 MP: 2/4
  1525 | D:2      | Noticed Natasha
  1531 | D:2      | Killed Natasha
  1532 | D:2      | Reached XP level 4. HP: 23/40 MP: 5/5
  1743 | D:2      | Noticed Jessica
  1747 | D:2      | Killed Jessica
  1775 | D:2      | Reached XP level 5. HP: 23/46 MP: 6/6
  2012 | D:2      | Noticed Natasha
  2020 | D:2      | Killed Natasha
  2021 | D:2      | Reached skill level 1 in Armour
  2292 | D:3      | Found Vufut's Armour Shop.
  2303 | D:3      | Reached skill level 5 in Long Blades
  2377 | D:3      | Found a shimmering blue altar of Sif Muna.
  2379 | D:3      | Noticed a black bear
  2386 | D:3      | Killed a black bear
  2387 | D:3      | Reached XP level 6. HP: 8/53 MP: 6/8
  2712 | D:3      | Found Ahang's Book Shoppe.
  2804 | D:3      | Found Kynexek's Jewellery Shop.
  2868 | D:3      | Found Akkazxol's Assorted Antiques.
  3504 | D:4      | Splashed by a jelly's acid

Illustrated notes

Levels and vault maps discovered:
D:1:      evilmike_arrival_fibonacci_small, layout_basic, grunt_decor_cap
D:2:      layout_loops_ring, uniq_natasha, uniq_jessica
D:3:      layout_rooms, mainiacjoe_overflow_tiny_flanked, serial_shops,
          nicolae_shop_stone, shop, nicolae_shop_overgrown_old_shop, shop
D:4:      layout_loops_ring, nrook_mini_vaults, chequers_serial_rivers_large_b,
          uniq_edmund

Skill      XL: |  1  2  3  4  5  6 |
---------------+-------------------+-----
Invocations    | 1 2 3 |  3.6
Fighting       | 4 |  4.8
Long Blades    | 4 5 |  5.9
Armour         | 1 2 |  2.6
Dodging        | 3 |  3.0
Stealth        | |  1.5

Action                   |  1- 3 |  4- 6 || total
-------------------------+-------+-------++-------
Melee: Falchion          |    24 |       ||    24
       Great sword       |    56 |    85 ||   141
 Stab: Sleeping          |     1 |       ||     1
Armor: Robe              |     2 |       ||     2
       Scale mail        |    24 |    51 ||    75
Dodge: Dodged            |    53 |    74 ||   127

Table legend: (Time is in decaauts)
 A = Elapsed time spent in this place.
 B = Non-inter-level travel time spent in this place.
 C = Inter-level travel time spent in this place.
 D = Time resting spent in this place.
 E = Time spent auto-exploring this place.
 F = Levels seen in this place.
 G = Mean time per level.
                   A        B        C        D        E       F      G
               +--------+--------+--------+--------+--------+-----+--------+
         Total |   3618 |   3526 |     92 |      0 |   3014 |   4 |  904.5 |
       Dungeon |   3618 |   3526 |     92 |      0 |   3014 |   4 |  904.5 |
               +--------+--------+--------+--------+--------+-----+--------+

Top non-repeatable levels by time:
     D:2: 1307 daAuts
     D:1: 1031 daAuts
     D:4: 664 daAuts
     D:3: 616 daAuts
